 Dungeon Crawl Stone Soup version 0.31.0-1-g2c135a0 (webtiles) character file.

Game seed: 781512400462530035

70 IAmTheZeppo the Magician (level 4, 0/33 HPs)
             Began as a Djinni Fire Elementalist on Apr 14, 2024.
             Slain by Sigmund
             ... wielding a +3 scythe of venom
              (12 damage)
             ... on level 2 of the Dungeon.
             The game lasted 00:03:32 (1224 turns).

IAmTheZeppo the Magician (Djinni Fire Elementalist) Turns: 1224, Time: 00:03:34

Health: 0/33       AC:  2    Str: 13    XL:     4   Next: 45%
Gold:   77         EV: 12    Int: 19    God:
                   SH:  0    Dex: 13

rFire   + + .        c - +0 dagger
rCold   x . .        (no shield)
rNeg    . . .        a - +0 robe
rPois   ∞            (no helmet)
rElec   .            (no cloak)
rCorr   .            (no gloves)
SInv    .            (boots unavailable)
Will    .....        (no amulet)
Stlth   ++           e - +6 ring of strength
HPRegen 0.25/turn    (no ring)
MPRegen 0.00/turn

%: infuse magic (-1 HP)
@: flying
A: sickness immunity, fire resistance 2, cold vulnerability 1, float, innate
caster, HP casting, extra vitality 1
a: no special abilities


You were on level 2 of the Dungeon.
You visited 1 branch of the dungeon, and saw 2 of its levels.

You collected 77 gold pieces.

Inventory:

Hand Weapons
 c - a +0 dagger (weapon)
Armour
 a - a +0 robe (worn)
Magical Staves
 k - a staff of fire
Jewellery
 e - a +6 ring of strength (left hand)
Scrolls
 d - 2 scrolls of enchant armour {unknown}
 g - a scroll of fog {unknown}
 l - a scroll of vulnerability {unknown}
 m - a scroll of blinking {unknown}
Potions
 b - a potion of curing {unknown}
 f - a potion of heal wounds {unknown}
 h - a potion of attraction {unknown}
 i - a potion of lignification {unknown}
 j - a potion of ambrosia {unknown}
 n - a potion of haste {unknown}


   Skills:
 * Level 1.9 Fighting
 + Level 2.6 Dodging
 + Level 2.0 Stealth
 * Level 3.7 Spellcasting
 * Level 3.7 Conjurations
 * Level 3.7 Hexes
 * Level 3.7 Summonings
 * Level 3.7 Necromancy
 * Level 3.7 Translocations
 * Level 3.7 Fire Magic
 * Level 3.7 Ice Magic
 * Level 3.7 Air Magic
 * Level 3.7 Earth Magic
 * Level 3.7 Alchemy


You knew the following spells:

 Your Spells              Type           Power      Damage    Failure   Level
a - Foxfire               Conj/Fire      68%        2x1d7     3%          1
b - Scorch                Fire           34%        2d6       4%          2
c - Volatile Blastmotes   Fire/Tloc      34%        2d12      10%         3
d - Inner Flame           Hex/Fire       17%        N/A       10%         3
e - Flame Wave            Conj/Fire      17%        2d7       30%         4
f - Apportation           Tloc           34%        N/A       3%          1
Your spell library was empty.

Dungeon Overview and Level Annotations

Branches:
Dungeon (2/15)

Altars:

Annotations:
D:2 Jessica, Sigmund


Innate Abilities, Weirdness & Mutations

You are immune to sickness and miasma.
You are immune to poison.
Your flesh is very heat resistant. (rF++)
You are vulnerable to cold. (rC-)
You float through the air rather than walking.
You learn spells naturally, not from books.
Your magical power is your life essence.
You have superior vitality. (+4 MHP)


Message History

Deactivating autopickup; reactivate with Ctrl-A.
You conjure some foxfire!
The foxfire hits Jessica.
Jessica is lightly wounded.
The foxfire hits Jessica.
Jessica is lightly wounded.
Unknown command.
You conjure some foxfire!
The foxfire hits the goblin.
You kill the goblin!
Unknown command.
You hit Jessica.
Jessica is moderately wounded.
The foxfire hits Jessica.
Jessica is severely wounded.
Jessica barely misses you.
You hit Jessica but do no damage.
Jessica is severely wounded.
Jessica hits you with a +0 club.
Unknown command.
You hit Jessica but do no damage.
Jessica is severely wounded.
Something hits you. Jessica casts a spell at you.
You barely resist.
You are too injured to fight recklessly!
You are too injured to fight recklessly!
Unknown command.
You are too injured to fight recklessly!
Casting: Foxfire (safe; 3% risk of failure)
Confirm with . or Enter, or press ? or * to list all spells.
Flames lash something.
Jessica casts a spell.
Jessica seems to speed up.
The endoplasm barely misses you.
Unknown command.
Casting: Scorch (safe; 4% risk of failure)
Confirm with . or Enter, or press ? or * to list all spells.
Flames lash the endoplasm.
The endoplasm is moderately wounded.
The endoplasm's fire resistance burns away.
Something hits you!
You die...

...... . ..:... . .#.#.#
# ##.#.#.# # .
#..#.#.### ..##
##########.##.#.#..
.....#.§................
##...)J#.##############.
.....{@@.# .......
####.##### ...... ###.#.
# ##... #. #..#.
#.#######.###
#.......†..##
#..........##
#..........#8


You could see Jessica (fast) and an endoplasm (combustible).

Vanquished Creatures
  An adder (D:2)
  3 gnolls (D:2)
  A ribbon worm (D:2)
  2 endoplasms (D:1)
  2 giant cockroaches (D:1)
  3 goblins
  3 hobgoblins (D:1)
  3 jackals (D:1)
  4 kobolds (D:1)
  A quokka (D:1)
  A ball python (D:1)
  A bat (D:1)
  6 frilled lizards
  3 rats
34 creatures vanquished.

Vanquished Creatures (others)
  98 foxfires
98 creatures vanquished.

Grand Total: 132 creatures vanquished

Notes
Turn   | Place    | Note
-------+----------+-------------------------------------------
     0 | D:1      | IAmTheZeppo the Djinni Fire Elementalist began the quest
                  | for the Orb.
     0 | D:1      | IAmTheZeppo set off with the following spells memorised:
                  | Foxfire, Scorch, Volatile Blastmotes, Inner Flame, Flame
                  | Wave.
     0 | D:1      | Reached XP level 1. HP: 15/15 MP: 0/0
   122 | D:1      | Reached XP level 2. HP: 15/22 MP: 0/0
   537 | D:1      | Reached skill level 1 in Fighting
   537 | D:1      | Reached XP level 3. HP: 27/27 MP: 0/0
   537 | D:1      | Learned a level 1 spell: Apportation
  1110 | D:2      | Reached XP level 4. HP: 27/32 MP: 0/0
  1210 | D:2      | Noticed Jessica
  1216 | D:2      | Noticed Sigmund
  1224 | D:2      | Slain by Sigmund

Illustrated notes

Levels and vault maps discovered:
D:1:      dpeg_arrival_orchard, layout_basic, st_stairs_3, nrook_mini_backslash,
          corexii_hall_statues_deadend, minmay_pentomino_u2
D:2:      kennysheep_six_static_rooms, layout_basic, serial_corexii_hall,
          corexii_hall_statues_l, corexii_hall_statues_l,
          shapermc_ecumenical_altar_pompeii, uniq_sigmund, uniq_jessica

Skill      XL: |  1  2  3  4 |
---------------+-------------+-----
Fighting       | 1 |  1.9
Stealth        | 2 |  2.0
Dodging        | |  2.6
Spellcasting   | |  3.7
Conjurations   | |  3.7
Hexes          | |  3.7
Summonings     | |  3.7
Necromancy     | |  3.7
Translocations | |  3.7
Fire Magic     | |  3.7
Ice Magic      | |  3.7
Air Magic      | |  3.7
Earth Magic    | |  3.7
Alchemy        | |  3.7

Action                     |  1- 3 |  4- 6 || total
---------------------------+-------+-------++-------
  Melee: Dagger            |    10 |     4 ||    14
   Cast: Foxfire           |    55 |    11 ||    66
         Scorch            |     4 |     2 ||     6
 Armour: Robe              |     5 |     4 ||     9
  Dodge: Dodged            |     5 |     2 ||     7
